 Dungeon Crawl Stone Soup version 0.27-a0-732-ga892ba84f6 (webtiles) character file.

Game seed: 13091634109268149530

488 rageheart7 the Slasher (level 7, -1/58 HPs)
             Began as a Barachi Monk on Mar 23, 2021.
             Slain by a hornet (13 damage)
             ... while paralysed by a hornet
             ... on level 7 of the Dungeon.
             The game lasted 00:04:14 (2654 turns).

rageheart7 the Slasher (Barachi Monk)               Turns: 2654, Time: 00:04:16

Health: -1/58      AC:  7    Str: 14    XL:     7   Next: 13%
Magic:  7/7        EV:  2    Int: 11    God:
Gold:   198        SH:  0    Dex: 14    Spells: 6/6 levels left

rFire    . . .     SeeInvis .   a - +0 falchion
rCold    . . .     Faith    .   (no shield)
rNeg     . . .     Spirit   .   f - +0 ring mail
rPois    .         Reflect  .   (no helmet)
rElec    .         Harm     .   (no cloak)
rCorr    .         Rampage  .   (no gloves)
Will     .....                  h - +1 pair of boots
Stlth    +.........             g - amulet of regeneration
HPRegen  1.19/turn              (no ring)
MPRegen  0.10/turn              (no ring)

@: paralysed, lethally poisoned (-1 -> -1), can't hop, slowed, slow
A: +LOS, amphibious, slowness 1, strong legs 1
a: Hop


You were on level 7 of the Dungeon.
You visited 1 branch of the dungeon, and saw 5 of its levels.

You collected 198 gold pieces.

Inventory:

Hand Weapons
 a - a +0 falchion (weapon)
Armour
 f - a +0 ring mail (worn)
 h - a +1 pair of boots (worn)
Jewellery
 g - an amulet of regeneration (around neck)
 m - an amulet of guardian spirit
Wands
 j - a wand of polymorph (8)
Scrolls
 l - a scroll of fog
Potions
 d - 4 potions of curing


   Skills:
 * Level 6.2 Fighting
 * Level 7.9 Long Blades
 - Level 3.2 Dodging
 - Level 1.7 Stealth


You had 6 spell levels left.
You didn't know any spells.
Your spell library was empty.

Dungeon Overview and Level Annotations

Branches:
Dungeon (4/15)
 Temple: D:4-7

Altars:

Shops:
D:2 *:(


Innate Abilities, Weirdness & Mutations

You can be seen from farther away. (+LOS)
You are amphibious.
You cover ground slowly.
You can hop short distances.


Message History

Found a rapier and 6 gold pieces.
A hornet comes into view.
Unknown command.
Hop to where?
Press: ? - help, Dir - move target Boing!
An iguana and a gnoll come into view.
The iguana hisses angrily.
Found a scroll of enchant armour.
Found a scroll of identify.
The hornet stings you.
You feel yourself slow down.
You feel yourself speed up. The hornet stings you!
You feel yourself slow down.
You hit the hornet.
The hornet is lightly wounded.
You feel yourself speed up. The hornet closely misses you.
You riposte.
You hit the hornet.
The hornet is lightly wounded.
The hornet barely misses you.
You riposte.
You hit the hornet but do no damage.
The hornet is lightly wounded.
Okay, then.
The hornet misses you.
You hit the hornet.
The hornet is lightly wounded.
The hornet stings you!
You feel yourself slow down.
You hit the hornet but do no damage.
The hornet is lightly wounded.
You feel yourself speed up. The hornet stings you!
You are poisoned.
You feel yourself slow down. The hornet stings you!
You suddenly lose the ability to move!
The gnoll hits you but does no damage.
You feel extremely sick. The hornet stings you!
* * * LOW HITPOINT WARNING * * *
You feel as though you will be slow longer.
The gnoll hits you from afar with a +0 spear.
* * * LOW HITPOINT WARNING * * *
The hornet stings you!
You die...

#### #.. ## #..
#.#..#######
#.#####.#
#...?........
#.......# #.#.
........ #.@#
#..##........
##y# #..#.#..
#gl# #...#.#
#.####....##
#....)....#.#
#.###l.$...#.#
#.# #.......#
#.# #..........
.....l.........


You could see a hornet, an iguana and a gnoll.

Vanquished Creatures
  A centaur (D:3)
  A vampire bat (D:3)
  An orc priest (D:3)
  Natasha (thrice) (D:2)
  A worker ant (D:3)
  4 adders
  6 gnolls (D:2)
  A dart slug (D:2)
  3 fire bats (D:3)
  7 orcs
  2 spectral bats (D:3)
  2 ball pythons
  3 bat skeletons (D:3)
  A bat zombie (D:3)
  4 giant cockroaches
  2 goblins
  3 hobgoblins
  9 jackals
  5 oozes
  4 quokkas
  13 bats
  A bat simulacrum (D:3)
  3 frilled lizards
  5 kobolds
  A rat (D:2)
86 creatures vanquished.

Notes
Turn   | Place    | Note
-------+----------+-------------------------------------------
     0 | D:1      | rageheart7 the Barachi Monk began the quest for the Orb.
     0 | D:1      | Reached XP level 1. HP: 18/18 MP: 1/1
   355 | D:1      | Reached XP level 2. HP: 21/25 MP: 2/2
   459 | D:1      | Reached skill level 4 in Long Blades
  1045 | D:2      | Reached XP level 3. HP: 29/31 MP: 3/3
  1114 | D:2      | Reached skill level 5 in Long Blades
  1114 | D:2      | Reached XP level 4. HP: 37/38 MP: 4/4
  1137 | D:2      | Found Sucw's Weapon Boutique.
  1151 | D:2      | Noticed Natasha
  1162 | D:2      | Killed Natasha
  1163 | D:2      | Reached skill level 5 in Fighting
  1208 | D:2      | Found Kohe's General Store.
  1305 | D:2      | Reached XP level 5. HP: 39/44 MP: 5/5
  1329 | D:2      | Found Purijipn's Book Emporium.
  1351 | D:2      | Noticed Natasha
  1361 | D:2      | Killed Natasha
  1410 | D:2      | Noticed Natasha
  1422 | D:2      | Killed Natasha
  1423 | D:2      | Reached skill level 6 in Long Blades
  1432 | D:2      | You fall into a shaft and drop 1 floor!
  1656 | D:3      | Reached XP level 6. HP: 51/52 MP: 6/6
  1692 | D:3      | Reached skill level 7 in Long Blades
  2302 | D:3      | Reached XP level 7. HP: 21/58 MP: 7/7
  2641 | D:4      | You fall into a shaft and drop 3 floors!
  2642 | D:7      | Noticed a hornet
  2653 | D:7      | Paralysed by a hornet for 3 turns
  2654 | D:7      | Slain by a hornet

Illustrated notes

Levels and vault maps discovered:
D:1:      tarquinn_simple_flora_water_e, layout_basic
D:2:      layout_rooms, serial_shops, nicolae_shop_stone, shop_fountains,
          shop_coins, corexii_corridor_pit, uniq_natasha
D:3:      layout_basic, goddamned_bats
D:4:      layout_loops_cross
D:7:      layout_basic, evilmike_ruin_ashenzari, minmay_temple_entry_mist,
          minmay_misc_feat_secret_circle, uniq_crazy_yiuf_cottage, uniq_maggie

Skill      XL: |  1  2  3  4  5  6 |
---------------+-------------------+-----
Fighting       | 4 5 6 |  6.2
Long Blades    | 4 5 6 7 |  7.9
Dodging        | |  3.2
Stealth        | |  1.7

Action                   |  1- 3 |  4- 6 |  7- 9 || total
-------------------------+-------+-------+-------++-------
Melee: Falchion          |    75 |   224 |    29 ||   328
 Abil: Hop               |       |       |     1 ||     1
  Use: Potion            |     1 |       |       ||     1
       Scroll            |       |       |     6 ||     6
 Stab: Distracted        |     1 |       |       ||     1
       Sleeping          |     1 |       |       ||     1
Armor: Ring mail         |    17 |   143 |     9 ||   169
       Skin              |    16 |       |       ||    16
Dodge: Dodged            |    49 |   205 |    10 ||   264
       Rpst.: Falchion   |    20 |    58 |     3 ||    81

Table legend: (Time is in decaauts)
 A = Elapsed time spent in this place.
 B = Non-inter-level travel time spent in this place.
 C = Inter-level travel time spent in this place.
 D = Time resting spent in this place.
 E = Time spent auto-exploring this place.
 F = Levels seen in this place.
 G = Mean time per level.
                   A        B        C        D        E       F      G
               +--------+--------+--------+--------+--------+-----+--------+
         Total |   2983 |   2931 |     52 |    260 |   2001 |   5 |  596.6 |
       Dungeon |   2983 |   2931 |     52 |    260 |   2001 |   5 |  596.6 |
               +--------+--------+--------+--------+--------+-----+--------+

Top non-repeatable levels by time:
     D:1: 1119 daAuts
     D:3: 1117 daAuts
     D:2: 471 daAuts
     D:4: 259 daAuts
     D:7: 15 daAuts
